 Dungeon Crawl Stone Soup version 0.22-a0-422-g9628fc8 (webtiles) character file.

459 Ijustatesigmund the Ruffian (level 6, 0/65 HPs)
             Began as a Troll Fighter on May 16, 2018.
             Was a Follower of Cheibriados.
             Slain by Pikel
             ... wielding a +1 whip of freezing
              (10 damage)
             ... on level 4 of the Dungeon.
             The game lasted 00:05:06 (2146 turns).

Ijustatesigmund the Ruffian (Troll Fighter)         Turns: 2146, Time: 00:05:07

Health: 0/65       AC:  8    Str: 28    XL:     6   Next: 78%
Magic:  5/5        EV:  8    Int: 13    God:    Cheibriados [*.....]
Gold:   33         SH: 10    Dex: 13    Spells: 5/5 levels left

rFire    . . .     SeeInvis .     - Unarmed
rCold    . . .     Gourm    +   b - +1 shield
rNeg     . . .     Faith    .   a - +0 robe
rPois    .         Spirit   .   (helmet restricted)
rElec    .         Reflect  .   (no cloak)
rCorr    .         Harm     .   (gloves unavailable)
MR       .....                  (boots unavailable)
Stlth    +.........             (no amulet)
HPRegen  0.60/turn              j - +3 ring of protection
MPRegen  0.09/turn              (no ring)

@: brilliant, very slow
A: large, unfitting armour, claws 3, fast metabolism 3, gourmand, regeneration
1, shaggy fur 1, tough skin 2
a: Bend Time, Renounce Religion


You were on level 4 of the Dungeon.
You worshipped Cheibriados.
Cheibriados was aware of your devotion.
You were full.

You visited 1 branch of the dungeon, and saw 4 of its levels.

You collected 33 gold pieces.

Inventory:

Armour
 a - a +0 robe (worn)
 b - a +1 shield (worn)
Jewellery
 j - a +3 ring of protection (left claw)
 m - an uncursed ring of ice
Scrolls
 g - a scroll of teleportation
 i - a scroll of remove curse
 k - a scroll of enchant armour
Potions
 c - a potion of might
 e - 2 potions of brilliance
 f - a potion of lignification {unknown}
 h - a potion of cancellation {unknown}
 l - a potion of resistance {unknown}
 n - a potion of agility {unknown}
 o - a potion of curing {unknown}
 p - a potion of magic
 q - a potion of haste {unknown}
Comestibles
 d - 10 rations


   Skills:
 + Level 4.8 Fighting
 - Level 2.4 Dodging
 - Level 2.4 Shields
 + Level 5.3 Unarmed Combat


You had 5 spell levels left.
You didn't know any spells.
Your spell library was empty.

Dungeon Overview and Level Annotations

Branches:
Dungeon (4/15)
 Temple: D:4-7

Altars:
Ashenzari
Cheibriados
Nemelex Xobeh
Uskayaw

Annotations:
D:4 Pikel


Innate Abilities, Weirdness & Mutations

You are too large for most types of armour.
You have claws for hands.
Your metabolism is lightning-fast.
You like to eat raw meat.
Your natural rate of healing is unusually fast.
You are covered in fur. (AC +1)
You have very tough skin. (AC +2)


Message History

You block the slave's attack. x2
It was a potion of magic.
Magic courses through your body. The slave completely misses you.
You block Pikel's attack. You block the slave's attack.
The slave hits you but does no damage.
You claw Pikel!
Pikel is almost dead.
You block the slave's attack. The slave closely misses you.
You block Pikel's attack. The slave hits you.
* * * LOW HITPOINT WARNING * * *
You block the slave's attack.
Your shield prevents you from hitting Pikel.
Pikel is almost dead.
The slave hits you.
* * * LOW HITPOINT WARNING * * *
The slave hits you but does no damage. Pikel completely misses you.
The slave hits you but does no damage. The slave barely misses you.
You scratch Pikel.
Pikel is almost dead.
You block the slave's attack. x2; Pikel hits you with a whip of freezing!
You die...

....##.......##..#....###
................÷........
.....#.###.#....##..####
...# #...#.#............
.. #.###.######.########
#.............
#####.######.##
#####.pp.######..
......K@........#
####.#p#p†)......
#..............
..?..#.#........#
................#
.......$........#
...############.. .## ..


You could see Pikel and 4 slaves.

Vanquished Creatures
  Grinder (D:3)
  Sigmund (D:4)
  A hound (D:4)
  2 adders (D:4)
  3 worms (D:2)
  4 dart slugs
  2 leopard geckos
  4 ball pythons
  2 giant cockroaches
  9 goblins
  6 hobgoblins (D:1)
  3 jackals
  A quokka (D:2)
  5 bats
  4 frilled lizards
  8 kobolds
  6 rats
62 creatures vanquished.

Notes
Turn   | Place    | Note
-------+----------+-------------------------------------------
     0 | D:1      | Ijustatesigmund the Troll Fighter began the quest for the Orb.
     0 | D:1      | Reached XP level 1. HP: 22/22 MP: 0/0
    90 | D:1      | Reached XP level 2. HP: 29/29 MP: 1/1
   455 | D:2      | Reached XP level 3. HP: 29/37 MP: 2/2
   548 | D:2      | Reached skill level 3 in Unarmed Combat
   585 | D:2      | Found a snail-covered altar of Cheibriados.
   643 | D:2      | Became a worshipper of Cheibriados the Contemplative
  1540 | D:3      | Found a hide-covered altar of Uskayaw.
  1596 | D:3      | Noticed Grinder
  1610 | D:3      | Killed Grinder
  1610 | D:3      | Reached skill level 4 in Unarmed Combat
  1610 | D:3      | Reached XP level 4. HP: 41/48 MP: 3/3
  1610 | D:3      | Reached XP level 5. HP: 46/54 MP: 4/4
  1612 | D:3      | Found a sparkling altar of Nemelex Xobeh.
  1629 | D:3      | Found a shattered altar of Ashenzari.
  1663 | D:3      | Reached * piety under Cheibriados
  2082 | D:4      | Reached XP level 6. HP: 57/63 MP: 5/5
  2113 | D:4      | Noticed Sigmund
  2127 | D:4      | Killed Sigmund
  2127 | D:4      | Reached skill level 5 in Unarmed Combat
  2129 | D:4      | Noticed Pikel
  2132 | D:4      | Noticed a slave
  2135 | D:4      | Noticed a slave
  2135 | D:4      | Noticed a slave
  2135 | D:4      | Noticed a slave
  2146 | D:4      | Slain by Pikel

Vault maps used:
D:1:      ncdulo_lavacross
D:2:      old_standard_altar, feat_on_display
D:3:      lemuel_doored_altar, old_standard_altar, marbit_many_paths,
          uniq_grinder
D:4:      serial_glass, glass_columns_a, glass_columns_b, glass_columns_a,
          glass_columns_a, glass_columns_b, glass_columns_a, uniq_ijyb,
          uniq_pikel, uniq_blork_the_orc, uniq_sigmund

Skill      XL: |  1  2  3  4  5  6 |
---------------+-------------------+-----
Fighting       | 3 4 |  4.8
Unarmed Combat | 4 5 |  5.3
Dodging        | |  2.4
Shields        | |  2.4

Action                   |  1- 3 |  4- 6 || total
-------------------------+-------+-------++-------
Melee: Unarmed           |   124 |    63 ||   187
  Use: Scroll            |     5 |     1 ||     6
       Potion            |       |     2 ||     2
  Eat: Chunk             |    14 |     8 ||    22
Armor: Robe              |    31 |    29 ||    60
Dodge: Dodged            |    40 |    29 ||    69
Block: Shield            |    50 |    55 ||   105

Table legend:
 A = Spawn XP
 B = Non-spawn XP
 C = Spawn XP percentage of total XP
 D = Spawn monster count
 E = Non-spawn monster count
 F = Spawn count percentage of total count
 G = Total turns spent on level
                    A         B        C        D         E        F      G
               +---------+---------+-------+---------+---------+-------+---------
         Total |       0 |     657 |   0.0 |       0 |      62 |   0.0 |  2146
               +---------+---------+-------+---------+---------+-------+---------
           D:1 |       0 |      35 |   0.0 |       0 |      19 |   0.0 |   442
           D:2 |       0 |      50 |   0.0 |       0 |      23 |   0.0 |  1035
           D:3 |       0 |     267 |   0.0 |       0 |      12 |   0.0 |   542
           D:4 |       0 |     305 |   0.0 |       0 |       8 |   0.0 |   127
               +---------+---------+-------+---------+---------+-------+---------
